 Dungeon Crawl Stone Soup version 0.30-a0-696-g2367cd04db (webtiles) character file.

Game seed: 8678933928117290121

7378 NinjaNoafa the Cleaver (level 10, -1/88 HPs)
             Began as a Minotaur Fighter on Jan 21, 2023.
             Was an Initiate of Gozag.
             Slain by a two-headed ogre
             ... wielding a +0 giant club
              (27 damage)
             ... on level 9 of the Dungeon.
             The game lasted 00:29:41 (10524 turns).

NinjaNoafa the Cleaver (Minotaur Fighter)          Turns: 10524, Time: 00:29:41

Health: -1/88      AC: 17    Str: 25    XL:     10   Next: 92%
Magic:  9/9        EV:  7    Int:  5    God:    Gozag
Gold:   866        SH: 10    Dex: 10    Spells: 9/9 levels left

rFire   . . .      SeeInvis +    b - +2 hand axe (flame)
rCold   . . .      Faith    .    O - +0 kite shield
rNeg    + . .      Spirit   .    K - +0 plate armour
rPois   .          Reflect  .    (helmet restricted)
rElec   .          Harm     .    y - +0 cloak
rCorr   .          Rampage  .    r - +0 pair of gloves
Will    .....                    h - +0 pair of boots Stlth
                                 I - amulet of regeneration
HPRegen 1.14/turn                e - ring of see invisible
MPRegen 0.11/turn                v - ring of positive energy

@: no status effects
A: horns 2, retaliatory headbutt
a: Renounce Religion, Potion Petition, Call Merchant, Bribe Branch


You were on level 9 of the Dungeon.
You worshipped Gozag.
Gozag was pleased with you.
You visited 2 branches of the dungeon, and saw 10 of its levels.
You also visited: Sewer and Bailey.

You collected 952 gold pieces.
You paid 86 gold pieces to Gozag.

Inventory:

Hand Weapons
 a - a +0 war axe
 b - a +2 hand axe of flaming (weapon)
Missiles
 G - 14 poisoned darts (quivered)
 L - 5 boomerangs
Armour
 h - a +0 pair of boots (worn)
 r - a +0 pair of gloves (worn)
 y - a +0 cloak (worn)
 K - a +0 plate armour (worn)
 O - a +0 kite shield (worn)
Jewellery
 e - a ring of see invisible (left hand)
 v - a ring of positive energy (right hand)
 I - an amulet of regeneration (around neck)
Wands
 J - a wand of flame (12)
Scrolls
 f - 3 scrolls of magic mapping
 g - 3 scrolls of summoning
 i - 3 scrolls of vulnerability {unknown}
 k - a scroll of fear {unknown}
 l - 2 scrolls of noise {unknown}
 m - a scroll of immolation
 n - 6 scrolls of teleportation {unknown}
 o - 4 scrolls of blinking
 s - 4 scrolls of poison {unknown}
 t - a scroll of acquirement {unknown}
 z - a scroll of brand weapon {unknown}
 A - a scroll of enchant weapon {unknown}
 B - 2 scrolls of fog {unknown}
 N - a scroll of amnesia {unknown}
Potions
 c - 4 potions of heal wounds {unknown}
 d - 5 potions of might
 j - 3 potions of curing {unknown}
 p - 2 potions of berserk rage
 q - 3 potions of degeneration
 u - 7 potions of mutation
 w - 5 potions of resistance
 x - 5 potions of cancellation {unknown}
 C - 2 potions of magic {unknown}
 D - 3 potions of invisibility {unknown}
 F - 3 potions of haste
 H - 2 potions of lignification {unknown}
 M - 3 potions of brilliance {unknown}


   Skills:
 - Level 8.0 Fighting
 + Level 14.5 Axes
 - Level 8.0 Armour
 - Level 6.0 Dodging
 - Level 8.0 Shields


You had 9 spell levels left.
You didn't know any spells.
Your spell library contained the following spells:

 Spells                   Type           Power      Damage    Failure   Level
 Freeze                   Ice            0%         1d3       100%        1
 Magic Dart               Conj           0%         1d3       100%        1
 Shock                    Conj/Air       0%         1d3       100%        1
 Sting                    Tmut/Pois      0%         1d3       100%        1
 Lesser Beckoning         Tloc           0%         N/A       100%        2
 Poisonous Vapours        Pois/Air       0%         N/A       100%        2
 Searing Ray              Conj           0%         2d4       100%        2
 Frozen Ramparts          Ice            0%         1d1       100%        3
 Gell's Gravitas          Tloc           0%         N/A       100%        3
 Hailstorm                Conj/Ice       0%         3d3       100%        3
 Inner Flame              Hex/Fire       0%         N/A       100%        3
 Swiftness                Air            0%         N/A       100%        3
 Teleport Other           Tloc           0%         N/A       100%        3
 Airstrike                Air            0%         2d(0-16)  100%        4
 Animate Armour           Summ/Erth      0%         N/A       100%        4
 Cause Fear               Hex            0%         N/A       100%        4
 Fulminant Prism          Conj/Hex       0%         3d5       100%        4
 Olgreb's Toxic Radiance  Pois           0%         N/A       100%        4
 Blade Hands              Tmut           0%         N/A       100%        5
 Iron Shot                Conj/Erth      0%         9d1       100%        6
 Discord                  Hex            0%         N/A       100%        8


Dungeon Overview and Level Annotations

Branches:
Dungeon (9/15)             Temple (1/1) D:7           Sewer (visited)
 Bailey (visited)
   Lair: D:8-11         Orc: D:9-12

Altars:
Ashenzari
Cheibriados
Dithmenos
Elyvilon
Gozag
Hepliaklqana
Kikubaaqudgha
Makhleb
Nemelex Xobeh
Okawaru
Qazlal
Ru
Sif Muna
Trog
Uskayaw
Vehumet
Wu Jian
Xom
Yredelemnul
Zin
The Shining One


Innate Abilities, Weirdness & Mutations

You have a pair of horns on your head.
You reflexively headbutt those who attack you in melee.


Message History

The curare-tipped dart barely misses the two-headed ogre.
You block the two-headed ogre's attack.
The two-headed ogre hits you with a +0 giant club!
Throw: dart (curare)
Press: ? - help, Q - select action, (/) - cycle Shift-Dir - straight line, f/p - two-headed ogre
Aim: a two-headed ogre, wielding two +0 giant clubs (75% to hit)
You throw a curare-tipped dart.
The curare-tipped dart barely misses the two-headed ogre.
The two-headed ogre hits you with a +0 giant club!
The two-headed ogre closely misses you.
Okay, then.
You hit the two-headed ogre but do no damage.
Your headbutt misses the two-headed ogre.
You slash the two-headed ogre! You burn the two-headed ogre.
You headbutt the two-headed ogre!
The two-headed ogre is moderately wounded.
You block the two-headed ogre's attack.
The two-headed ogre hits you with a +0 giant club.
You hit the two-headed ogre but do no damage.
You headbutt the two-headed ogre.
The two-headed ogre is heavily wounded.
You slash the two-headed ogre! You burn the two-headed ogre.
The two-headed ogre is heavily wounded.
The two-headed ogre hits you with a +0 giant club.
You block the two-headed ogre's attack.
You hit the two-headed ogre. You burn the two-headed ogre.
The two-headed ogre is severely wounded.
You hit the two-headed ogre. You burn the two-headed ogre.
The two-headed ogre is severely wounded.
The two-headed ogre hits you with a +0 giant club!
The two-headed ogre hits you with a +0 giant club!!
* * * LOW HITPOINT WARNING * * *
You hit the two-headed ogre. You burn the two-headed ogre.
Your headbutt misses the two-headed ogre.
The two-headed ogre is almost dead.
You hit the two-headed ogre. You burn the two-headed ogre.
The two-headed ogre is almost dead.
The two-headed ogre hits you with a +0 giant club!!
You die...
Your body crumbles into a pile of gold.

≈.....(#......##......
.....####...# #..###
....(..#...###....#
##............##.. ≈
#(................ ≈~~
#...(........#....
~~..#+#............#....
~......O....####+###....
.......@......# .......
.......#....#.# .......
.#.....######+# ......#
#..... #....## #....#
#.... # #.... .....
+.... ##.#.


You could see a two-headed ogre.

Vanquished Creatures
  Pikel (D:6)
  A komodo dragon (D:9)
  A hornet (D:8)
  Grinder (D:5)
  A wyvern (D:9)
  10 yaks
  A steam dragon (D:7)
  2 water moccasins
  An orc warrior (D:8)
  4 black bears
  An ogre (D:6)
  A centaur (D:6)
  A phantom (D:6)
  4 kobold brigands
  A lemure (D:6)
  2 gnoll sergeants
  3 bullfrogs
  2 necrophages
  7 wights
  5 scorpions
  7 electric eels (D:6)
  4 hounds
  9 orc priests
  A gnoll bouda (D:6)
  Crazy Yiuf (D:2)
  4 iguanas
  12 orc wizards
  30 gnolls
  12 adders
  3 shadow imps
  3 white imps
  An ufetubus (D:7)
  3 worms
  4 dart slugs
  49 orcs
  8 endoplasms
  4 giant cockroaches
  9 goblins
  8 hobgoblins
  15 jackals
  A quokka (D:3)
  7 ball pythons
  8 bats
  4 frilled lizards
  23 kobolds
  8 rats
288 creatures vanquished.

Vanquished Creatures (collateral kills)
  An orc knight (Bailey)
  A gnoll (Bailey)
  An orc (Bailey)
3 creatures vanquished.

Vanquished Creatures (others)
  An adder (D:6)
  14 fungi
  130 plants
  8 withered plants (D:1)
153 creatures vanquished.

Grand Total: 444 creatures vanquished

Notes
Turn   | Place    | Note
-------+----------+-------------------------------------------
     0 | D:1      | NinjaNoafa the Minotaur Fighter began the quest for the
                  | Orb.
     0 | D:1      | Reached XP level 1. HP: 19/19 MP: 0/0
    47 | D:1      | Reached skill level 3 in Axes
    74 | D:1      | Reached XP level 2. HP: 26/26 MP: 1/1
   210 | D:1      | Found a faded altar of an unknown god.
   472 | D:1      | Reached skill level 4 in Axes
   965 | D:2      | Reached XP level 3. HP: 23/31 MP: 2/2
  1160 | D:2      | Reached skill level 5 in Axes
  1207 | D:2      | Reached XP level 4. HP: 39/39 MP: 3/3
  1320 | D:2      | Found a stormy altar of Qazlal.
  1406 | D:2      | You fall into a shaft and drop 2 floors!
  1487 | D:4      | Reached skill level 6 in Axes
  1638 | D:4      | Reached XP level 5. HP: 25/45 MP: 4/4
  2080 | D:2      | Reached skill level 7 in Axes
  2197 | D:2      | Found a runed translucent door.
  2198 | D:2      | Noticed Crazy Yiuf
  2511 | D:3      | Reached XP level 6. HP: 51/51 MP: 5/5
  2788 | D:3      | Found a radiant altar of Vehumet.
  3002 | D:4      | Found a shimmering blue altar of Sif Muna.
  3332 | D:5      | Entered Level 5 of the Dungeon
  3545 | D:5      | Noticed Grinder
  3562 | D:5      | Killed Grinder
  3563 | D:5      | Reached skill level 5 in Fighting
  3563 | D:5      | Reached skill level 5 in Armour
  3563 | D:5      | Reached skill level 5 in Shields
  3563 | D:5      | Reached skill level 8 in Axes
  3563 | D:5      | Reached XP level 7. HP: 30/61 MP: 2/6
  3838 | D:6      | Found a glowing drain.
  3979 | Sewer    | Entered a sewer
  4054 | Sewer    | Reached skill level 9 in Axes
  4194 | Sewer    | Reached XP level 8. HP: 57/68 MP: 5/7
  4350 | D:5      | Reached skill level 10 in Axes
  4911 | D:6      | Found a large runed translucent door.
  4911 | D:6      | Found a large runed translucent door.
  5242 | D:6      | Reached skill level 11 in Axes
  5714 | D:6      | Reached skill level 12 in Axes
  5983 | D:6      | Reached XP level 9. HP: 39/74 MP: 8/8
  6125 | D:6      | Noticed Pikel
  6141 | D:6      | Killed Pikel
  6142 | D:6      | Reached skill level 13 in Axes
  6541 | D:2      | Killed Crazy Yiuf
  6722 | D:6      | Found a broken altar of Ashenzari.
  6731 | D:6      | Reached skill level 1 in Dodging
  6772 | D:6      | Found a basalt altar of Yredelemnul.
  7246 | D:7      | Found a shadowy altar of Dithmenos.
  7633 | D:7      | Found a staircase to the Ecumenical Temple.
  7654 | Temple   | Entered the Ecumenical Temple
  7828 | Temple   | Became a worshipper of Gozag Ym Sagoz the Greedy
  8073 | D:8      | Reached skill level 5 in Dodging
  8073 | D:8      | Reached XP level 10. HP: 72/83 MP: 9/9
  8144 | D:8      | Found a white marble altar of Elyvilon.
  8178 | D:8      | Found a stormy altar of Qazlal.
  8230 | D:8      | Reached skill level 14 in Axes
  8635 | D:8      | Noticed a +0 hand axe
  8635 | D:8      | Noticed a +0 hand axe
  8638 | D:8      | Found a hide-covered altar of Uskayaw.
  8668 | D:8      | Found a flagged portal.
  8674 | Bailey   | Entered a bailey
  8814 | Bailey   | Noticed an orc knight
  8822 | Bailey   | HP: 2/81 [orc knight/+0 halberd (16)]
  8828 | Bailey   | HP: 4/81 [gnoll/+2 halberd of electrocution (2)]
  8848 | Bailey   | Killed an orc knight
  9694 | D:6      | Found a snail-covered altar of Cheibriados.
 10506 | D:9      | Noticed a two-headed ogre
 10524 | D:9      | Slain by a two-headed ogre

Illustrated notes

Levels and vault maps discovered:
D:1:      saegor_arrival_miasma, layout_basic,
          shapermc_ecumenical_altar_flowoftime
D:2:      layout_basic, basic_altar, serial_rivers,
          chequers_serial_rivers_small_3, chequers_serial_rivers_small_3,
          chequers_serial_rivers_micro_a, chequers_serial_rivers_room_b,
          chequers_serial_rivers_marsh, chequers_serial_rivers_large_a,
          grunt_ministairs_4, minmay_ruptured, uniq_crazy_yiuf_cottage
D:3:      layout_rooms, nicolae_vehumet_radiance, serial_forest,
          infiniplex_forest_straight_3, infiniplex_forest_lined_corner,
          infiniplex_forest_lined_2, infiniplex_forest_end_3,
          infiniplex_forest_clump_large, infiniplex_forest_lined_3_way,
          infiniplex_forest_clump_tiny, grunt_ministairs_14
D:4:      nicolae_cairo_tiling_large, layout_loops_ring, old_standard_altar
D:5:      layout_cave_pools, uniq_grinder
D:6:      layout_loops_corners, jmf_multi_god_temple2, cheibriados_altar_1,
          serial_bayou, serial_bayou_lagoon_a, serial_bayou_lake_a,
          serial_bayou_pond_b, serial_bayou_lagoon_b, serial_bayou_shore_b,
          serial_bayou_pond_e, cheibrodos_sewer_entry_bend, dk_rats_in_the_wall,
          uniq_pikel
D:7:      layout_loops_ring, grunt_dithmenos_smoke,
          minmay_temple_entry_nine_rooms
D:8:      layout_loops_ring, grunt_qazlal_sundering, mainiacjoe_overflow_paths,
          dancing_weapons_uskayaw, enter_bailey_2
D:9:      layout_basic, fedhas_ov_isle_minmay, grunt_lair_entry_orc_guard_hut
Temple:   nicolae_temple_slightly_damp_pantheon

Skill      XL: |  1  2  3  4  5  6  7  8  9 10 |
---------------+-------------------------------+-----
Axes           | 3 4 5 6 7 8 9 12 13 14 | 14.5
Fighting       | 5 8 |  8.0
Armour         | 5 8 |  8.0
Shields        | 5 8 |  8.0
Dodging        | 5 6 |  6.0

Action                   |  1- 3 |  4- 6 |  7- 9 | 10-12 || total
-------------------------+-------+-------+-------+-------++-------
Melee: War axe           |    89 |   124 |   324 |   228 ||   765
       Headbutt          |    12 |    19 |    48 |    55 ||   134
       Hand axe          |       |       |       |    29 ||    29
Throw: Dart              |       |       |     4 |     4 ||     8
       Boomerang         |       |       |       |    12 ||    12
Evoke: Wand              |       |       |       |     5 ||     5
  Use: Scroll            |       |     7 |     1 |     1 ||     9
       Potion            |       |       |       |     2 ||     2
Armor: Scale mail        |    12 |       |       |       ||    12
       Chain mail        |    45 |    64 |   178 |    58 ||   345
       Plate armour      |       |       |       |    28 ||    28
Dodge: Dodged            |    31 |    51 |   107 |    71 ||   260
Block: Buckler           |    15 |    36 |    78 |       ||   129
       Kite shield       |       |       |     6 |   112 ||   118

Table legend: (Time is in decaauts)
 A = Elapsed time spent in this place.
 B = Non-inter-level travel time spent in this place.
 C = Inter-level travel time spent in this place.
 D = Time resting spent in this place.
 E = Time spent auto-exploring this place.
 F = Levels seen in this place.
 G = Mean time per level.
                   A        B        C        D        E       F      G
               +--------+--------+--------+--------+--------+-----+--------+
         Total |  10681 |   9926 |    755 |    161 |   7254 |  12 |  890.1 |
       Dungeon |   9634 |   8922 |    712 |    161 |   6558 |   9 | 1070.4 |
        Temple |    235 |    192 |     43 |      0 |    179 |   1 |  235.0 |
         Sewer |    362 |    362 |      0 |      0 |    236 |   1 |  362.0 |
        Bailey |    448 |    448 |      0 |      0 |    281 |   1 |  448.0 |
               +--------+--------+--------+--------+--------+-----+--------+

Top non-repeatable levels by time:
     D:6: 2677 daAuts
     D:4: 1093 daAuts
     D:8: 1059 daAuts
     D:2: 1046 daAuts
     D:1: 972 daAuts
     D:5: 964 daAuts
     D:7: 852 daAuts
     D:3: 588 daAuts
  Bailey: 448 daAuts
     D:9: 381 daAuts
   Sewer: 362 daAuts
  Temple: 235 daAuts
